 Dungeon Sprint DCSS version 0.21.1-1-g345015f (webtiles) character file.

13330 wilfster70 the Covert (level 12, -2/99 HPs)
             Began as a Gnoll Enchanter on Apr 12, 2018.
             Was the Champion of Wu Jian.
             Slain by a lorocyproca (16 damage)
             ... in the Dungeon (Sprint I: "Red Sonja").
             The game lasted 00:15:03 (1714 turns).

wilfster70 the Covert (Gnoll Enchanter)             Turns: 1714, Time: 00:15:04

Health: -2/99      AC: 10    Str: 11    XL:     12   Next: 4%
Magic:  1/27       EV: 22    Int: 27    God:    Wu Jian [******]
Gold:   787        SH:  0    Dex: 19    Spells: 24/34 levels left

rFire    . . .     SeeInvis +   b - +12 long sword of Terra Nullius {freeze, Int+2}
rCold    . . .     Gourm    .   (no shield)
rNeg     . . .     Faith    .   m - +0 robe
rPois    .         Spirit   .   o - +1 helmet {SInv}
rElec    .         Reflect  .   (no cloak)
rCorr    .         Harm     .   p - +2 pair of gloves
MR       .....     NoTele   +   n - +0 pair of boots
Stlth    ++++++....             (no amulet)
HPRegen  0.26/turn              l - ring of Temptation {*Drain Int+3 Dex+3 Stlth+}
MPRegen  0.20/turn              (no ring)

@: no status effects
A: distributed training, fangs 1, strong nose
a: Wall Jump, Serpent's Lash, Heavenly Storm, Renounce Religion


You were in the Dungeon.
You worshipped Wu Jian.
Wu Jian was exalted by your worship.
You were hungry.

You visited 1 branch You collected 1992 gold pieces.
You spent 1205 gold pieces at shops.

Inventory:

Hand Weapons
 a - a +1 dagger of venom
 b - the +12 long sword of Terra Nullius (weapon) {freeze, Int+2}
   (You bought it in a shop in the Dungeon)

   It has been specially enchanted to freeze those struck by it, causing extra
   injury to most foes and up to half again as much damage against particularly
   susceptible opponents.
   It can also slow down cold-blooded creatures.
   It affects your intelligence (+2).
Missiles
 s - 2 javelins of returning (quivered)
Armour
 m - a +0 robe (worn)
 n - a +0 pair of boots (worn)
 o - a +1 helmet of see invisible (worn)
 p - a +2 pair of gloves (worn)
Jewellery
 l - the ring of Temptation (left hand) {*Drain Int+3 Dex+3 Stlth+}
   (You found it in the Dungeon)

   [ring of stealth]

   It affects your intelligence (+3).
   It affects your dexterity (+3).
   It causes draining when unequipped.
   It makes you more stealthy.
Wands
 k - a wand of polymorph (17)
Scrolls
 j - a scroll of blinking
 q - a scroll of random uselessness {unknown}
 r - a scroll of remove curse
 v - 3 scrolls of amnesia
Potions
 e - 3 potions of curing
 f - a potion of heal wounds
 g - a potion of haste
 h - 2 potions of magic
 i - a potion of berserk rage
 u - a potion of brilliance {unknown}
Books
 c - a book of Maledictions

   Spells                             Type                      Level
   a - Corona                         Hexes                        1
   b - Ensorcelled Hibernation        Hexes/Ice                    2
   c - Confuse                        Hexes                        3
   d - Tukima's Dance                 Hexes                        3
   e - Dazzling Spray                 Conjuration/Hexes            3
 t - a book of Battle

   Spells                             Type                      Level
   a - Infusion                       Charms                       1
   b - Shroud of Golubria             Charms/Translocation         2
   c - Song of Slaying                Charms                       2
   d - Spectral Weapon                Hexes/Charms                 3
   e - Regeneration                   Charms/Necromancy            3
Comestibles
 d - 2 rations


   Skills:
 + Level 10.9 Fighting
 + Level 11.2 Short Blades
 + Level 10.9 Long Blades
 + Level 10.9 Axes
 + Level 10.9 Maces & Flails
 + Level 10.9 Polearms
 + Level 10.9 Staves
 + Level 10.9 Slings
 + Level 10.9 Bows
 + Level 10.9 Crossbows
 + Level 10.9 Throwing
 + Level 10.9 Armour
 + Level 11.7 Dodging
 + Level 12.2 Stealth
 + Level 10.9 Shields
 + Level 10.9 Unarmed Combat
 + Level 11.8 Spellcasting
 + Level 9.2 Conjurations
 + Level 10.7 Hexes
 + Level 9.2 Charms
 + Level 9.2 Summonings
 + Level 9.2 Necromancy
 + Level 9.2 Translocations
 + Level 9.2 Transmutations
 + Level 9.2 Fire Magic
 + Level 9.2 Ice Magic
 + Level 9.2 Air Magic
 + Level 9.2 Earth Magic
 + Level 9.2 Poison Magic
 + Level 11.8 Invocations
 + Level 10.9 Evocations


You had 24 spell levels left.
You knew the following spells:

 Your Spells              Type           Power        Failure   Level  Hunger
a - Spectral Weapon       Hex/Chrm       ######..     1%          3    None
b - Ensorcelled Hibernat  Hex/Ice        ######       1%          2    None
c - Confuse               Hex            ######..     1%          3    None
g - Shroud of Golubria    Chrm/Tloc      ######....   1%          2    None


Dungeon Overview and Level Annotations

Branches:
Dungeon (1/1)

Altars:
Cheibriados
Dithmenos
Elyvilon
Fedhas
Gozag
Hepliaklqana
Kikubaaqudgha
Makhleb
Nemelex Xobeh
Okawaru
Qazlal
Ru
Sif Muna
Trog
Uskayaw
Vehumet
Wu Jian
Xom
Yredelemnul
Zin
The Shining One
Jiyva
Lugonu

Shops:
D %???(:*:}(![*!?[[


Innate Abilities, Weirdness & Mutations

Your experience applies equally to all skills.
You have very sharp teeth.
Your uncanny sense of smell can sniff out nearby items.


Message History

The lorocyproca is almost dead.
The lorocyproca hits you!
* * * LOW HITPOINT WARNING * * *
You feel much better.
The meliai mumbles some strange prayers to its god against you.
Something smites you!
* * * LOW HITPOINT WARNING * * *
The lorocyproca hits you but does no damage.
You barely miss the lorocyproca.
The lorocyproca is almost dead.
The lorocyproca closely misses you.
You riposte.
You hit the lorocyproca but do no damage.
You bite the lorocyproca, but do no damage.
The lorocyproca is almost dead.
You slash the lorocyproca! You freeze the lorocyproca.
The lorocyproca is almost dead.
You closely miss the lorocyproca.
The lorocyproca is almost dead.
The lorocyproca hits you!
You die...

##############################***
_#..'..)#..#§§.§§§.§...'..#.^+∆∆∆
.'..#...##'#.####§§§§.##..)^.#∆∆∆
_####)..)..#§#∆###§§.#######'#∆∆∆
##).#####..§§#+#$###+#∆$$##,,*∆∆∆
§§§.#§.##'####^.$#y#.##$$$#,,**∆∆
≈§§§'..#§§.§.#..$###..###$#,,≈***
§≈).#§.#§...§'..$$$##.#A#$#,,≈,∆*
§#####'###..§#^.@2.#..###$#,,≈,**
)..###.'.#...###''##.##..$#,,≈**,
'###.###.#.§##*..###..#+###,,≈*,,
...'.∩##.#§^#*##$$*##...#,≈,,**,,
########.##'#∆∆#($*∆###.#,≈,,*,,,
......##.##(#∆∆$$$$∆∆∆#.#**,,*,,,
.......§.####∆∆$$$$∆∆∆#.#,+,,**,,
''######§#∆∆+∆∆$$$$#**#+#,**+**,,
.§.§§§§#.#****∆∆∆***,,,,*∆*≈≈≈**,


You could see a lorocyproca (invisible) and a meliai.

Vanquished Creatures
  A hydra (D)
  2 centaur warriors (D)
  Sonja (D)
  A deep troll (D)
  7 unseen horrors (D)
  A lindwurm (D)
  An oklob plant (D)
  A gargoyle (D)
  A merfolk siren (D)
  2 kobold demonologists (D)
  4 demonic crawlers (D)
  A slime creature (D)
  A hornet (D)
  Sigmund (D)
  2 redbacks (D)
  A yak (D)
  13 hogs (D)
  3 floating eyes (D)
  7 necrophages (D)
  An ogre (D)
  8 jellies (D)
  Ijyb (D)
  A ballistomycete (D)
  A ballistomycete spore (D)
63 creatures vanquished.

Vanquished Creatures (others)
  3 hornets (D)
  A ballistomycete spore (D)
4 creatures vanquished.

Grand Total: 67 creatures vanquished

Notes
Turn   | Place    | Note
-------+----------+-------------------------------------------
     0 | D        | wilfster70 the Gnoll Enchanter began the quest for the Orb.
     0 | D        | Reached XP level 1. HP: 13/13 MP: 6/6
     1 | D        | Noticed Ijyb
     4 | D        | Killed Ijyb
     4 | D        | Reached skill level 1 in Fighting
     4 | D        | Reached skill level 1 in Long Blades
     4 | D        | Reached skill level 1 in Axes
     4 | D        | Reached skill level 1 in Maces & Flails
     4 | D        | Reached skill level 1 in Polearms
     4 | D        | Reached skill level 1 in Staves
     4 | D        | Reached skill level 1 in Slings
     4 | D        | Reached skill level 1 in Bows
     4 | D        | Reached skill level 1 in Crossbows
     4 | D        | Reached skill level 1 in Throwing
     4 | D        | Reached skill level 1 in Armour
     4 | D        | Reached skill level 6 in Stealth
     4 | D        | Reached skill level 1 in Shields
     4 | D        | Reached skill level 1 in Unarmed Combat
     4 | D        | Reached skill level 5 in Spellcasting
     4 | D        | Reached skill level 1 in Conjurations
     4 | D        | Reached skill level 1 in Charms
     4 | D        | Reached skill level 1 in Summonings
     4 | D        | Reached skill level 1 in Necromancy
     4 | D        | Reached skill level 1 in Translocations
     4 | D        | Reached skill level 1 in Transmutations
     4 | D        | Reached skill level 1 in Fire Magic
     4 | D        | Reached skill level 1 in Ice Magic
     4 | D        | Reached skill level 1 in Air Magic
     4 | D        | Reached skill level 1 in Earth Magic
     4 | D        | Reached skill level 1 in Poison Magic
     4 | D        | Reached skill level 1 in Evocations
     4 | D        | Reached XP level 2. HP: 22/22 MP: 8/8
     4 | D        | Reached XP level 3. HP: 27/27 MP: 9/9
     8 | D        | Learned a level 2 spell: Ensorcelled Hibernation
    12 | D        | Learned a level 3 spell: Confuse
    14 | D        | Noticed an ogre
    17 | D        | Killed an ogre
    17 | D        | Reached skill level 5 in Dodging
    17 | D        | Reached XP level 4. HP: 35/35 MP: 9/11
    26 | D        | Noticed Sigmund
    31 | D        | Killed Sigmund
    31 | D        | Reached skill level 5 in Short Blades
    31 | D        | Reached skill level 7 in Stealth
    31 | D        | Reached XP level 5. HP: 21/42 MP: 7/14
    31 | D        | Reached XP level 6. HP: 24/48 MP: 7/15
   187 | D        | Found a deep blue altar of Sif Muna.
   188 | D        | Found an ornate altar of the Wu Jian Council.
   189 | D        | Found a radiant altar of Vehumet.
   203 | D        | Became a worshipper of the Wu Jian Council
   220 | D        | Found Ewosobon's Magic Scroll Emporium.
   220 | D        | Found an ancient bone altar of Kikubaaqudgha.
   220 | D        | Found a hazy altar of Hepliaklqana.
   220 | D        | Found a hide-covered altar of Uskayaw.
   220 | D        | Found a basalt altar of Yredelemnul.
   220 | D        | Found an opulent altar of Gozag.
   220 | D        | Found a snail-covered altar of Cheibriados.
   220 | D        | Found a sacrificial altar of Ru.
   220 | D        | Found a shadowy altar of Dithmenos.
   220 | D        | Noticed a yak
   221 | D        | Found a stormy altar of Qazlal.
   221 | D        | Found a blossoming altar of Fedhas.
   221 | D        | Found a bloodstained altar of Trog.
   221 | D        | Found an iron altar of Okawaru.
   221 | D        | Found a glowing golden altar of the Shining One.
   221 | D        | Found a glowing silver altar of Zin.
   221 | D        | Found a white marble altar of Elyvilon.
   222 | D        | Killed a yak
   222 | D        | Reached skill level 5 in Fighting
   222 | D        | Reached skill level 5 in Long Blades
   222 | D        | Reached skill level 5 in Axes
   222 | D        | Reached skill level 5 in Maces & Flails
   222 | D        | Reached skill level 5 in Polearms
   222 | D        | Reached skill level 5 in Staves
   222 | D        | Reached skill level 5 in Slings
   222 | D        | Reached skill level 5 in Bows
   222 | D        | Reached skill level 5 in Crossbows
   222 | D        | Reached skill level 5 in Throwing
   222 | D        | Reached skill level 5 in Armour
   222 | D        | Reached skill level 5 in Shields
   222 | D        | Reached skill level 5 in Unarmed Combat
   222 | D        | Reached skill level 5 in Invocations
   222 | D        | Reached skill level 5 in Evocations
   222 | D        | Reached XP level 7. HP: 56/56 MP: 15/17
   223 | D        | Found a sparkling altar of Nemelex Xobeh.
   247 | D        | Noticed Sonja
   249 | D        | Killed Sonja
   249 | D        | Reached skill level 8 in Stealth
   249 | D        | Reached skill level 5 in Conjurations
   249 | D        | Reached skill level 5 in Charms
   249 | D        | Reached skill level 5 in Summonings
   249 | D        | Reached skill level 5 in Necromancy
   249 | D        | Reached skill level 5 in Translocations
   249 | D        | Reached skill level 5 in Transmutations
   249 | D        | Reached skill level 5 in Fire Magic
   249 | D        | Reached skill level 5 in Ice Magic
   249 | D        | Reached skill level 5 in Air Magic
   249 | D        | Reached skill level 5 in Earth Magic
   249 | D        | Reached skill level 5 in Poison Magic
   249 | D        | Reached XP level 8. HP: 64/64 MP: 16/20
   268 | D        | Noticed a deep troll
   271 | D        | Killed a deep troll
   271 | D        | Reached * piety under Wu Jian
   271 | D        | Reached skill level 9 in Stealth
   287 | D        | Found Hiolloal's Armour Emporium.
   294 | D        | Bought a +1 helmet of see invisible for 214 gold pieces
   315 | D        | Found Hisu's Food Boutique.
   375 | D        | Noticed a centaur warrior
   377 | D        | Noticed a centaur warrior
   379 | D        | Killed a centaur warrior
   379 | D        | Reached XP level 9. HP: 55/72 MP: 18/22
   381 | D        | Killed a centaur warrior
   390 | D        | Noticed a hornet
   393 | D        | Killed a hornet
   393 | D        | Reached ** piety under Wu Jian
   393 | D        | Reached skill level 10 in Stealth
   460 | D        | Noticed an oklob plant
   461 | D        | Killed an oklob plant
   461 | D        | Reached XP level 10. HP: 80/80 MP: 23/23
   488 | D        | Reached *** piety under Wu Jian
   493 | D        | Noticed an unseen horror
   494 | D        | Noticed an unseen horror
   500 | D        | Killed an unseen horror
   500 | D        | Reached skill level 10 in Spellcasting
   502 | D        | Killed an unseen horror
   502 | D        | Reached skill level 10 in Dodging
   505 | D        | Reached **** piety under Wu Jian
   561 | D        | Reached ***** piety under Wu Jian
   851 | D        | Reached skill level 10 in Invocations
   852 | D        | Got a shimmering lapis lazuli ring
   865 | D        | Found Feadere's Magic Scroll Shoppe.
   865 | D        | Found Imatucog's Magic Scroll Shop.
   865 | D        | Found Jenepo Beta's Antique Weapon Boutique.
   867 | D        | Found Goeko's Book Emporium.
   867 | D        | Found Damyggum's Assorted Antiques.
   867 | D        | Found Carruboe's Book Shoppe.
   867 | D        | Found Yfyoxuecs's Gadget Boutique.
   867 | D        | Found Sitoewnu's Antique Weapon Emporium.
   867 | D        | Found Kitras's Distillery.
   867 | D        | Found Roadaczo's Armour Shoppe.
   869 | D        | Identified the ring of Temptation {*Drain Int+3 Dex+3 Stlth+} (You found it in the Dungeon)
   870 | D        | Bought a scroll of remove curse for 42 gold pieces
   881 | D        | Found Zaareoto's General Store.
   882 | D        | Found Optughir's Magic Scroll Emporium.
   882 | D        | Found Rakhuil's Distillery.
   883 | D        | Found Kilabuh's Antique Armour Emporium.
   888 | D        | Bought a +2 pair of gloves for 231 gold pieces
   905 | D        | Bought a steaming long sword for 238 gold pieces
   905 | D        | Identified the +12 long sword of Terra Nullius {freeze, Int+2} (You bought it in a shop in the Dungeon)
   931 | D        | Bought a book of Battle for 480 gold pieces
   935 | D        | Learned a level 3 spell: Spectral Weapon
   938 | D        | Learned a level 2 spell: Shroud of Golubria
  1147 | D        | Found a viscous altar of Jiyva.
  1147 | D        | Found a corrupted altar of Lugonu.
  1148 | D        | Found a burning altar of Makhleb.
  1148 | D        | Found a shimmering altar of Xom.
  1163 | D        | Noticed a kobold demonologist
  1164 | D        | Noticed a kobold demonologist
  1166 | D        | Killed a kobold demonologist
  1166 | D        | Reached skill level 11 in Stealth
  1168 | D        | Killed a kobold demonologist
  1173 | D        | Reached ****** piety under Wu Jian
  1173 | D        | Reached XP level 11. HP: 87/87 MP: 25/25
  1175 | D        | Reached skill level 10 in Short Blades
  1196 | D        | Noticed a lindwurm
  1197 | D        | Killed a lindwurm
  1209 | D        | Reached skill level 10 in Hexes
  1215 | D        | Reached skill level 10 in Fighting
  1215 | D        | Reached skill level 10 in Long Blades
  1215 | D        | Reached skill level 10 in Axes
  1215 | D        | Reached skill level 10 in Maces & Flails
  1215 | D        | Reached skill level 10 in Polearms
  1215 | D        | Reached skill level 10 in Staves
  1215 | D        | Reached skill level 10 in Slings
  1215 | D        | Reached skill level 10 in Bows
  1215 | D        | Reached skill level 10 in Crossbows
  1215 | D        | Reached skill level 10 in Throwing
  1215 | D        | Reached skill level 10 in Armour
  1215 | D        | Reached skill level 10 in Shields
  1215 | D        | Reached skill level 10 in Unarmed Combat
  1215 | D        | Reached skill level 10 in Evocations
  1371 | D        | Noticed a 12-headed hydra
  1372 | D        | Killed a 12-headed hydra
  1390 | D        | Noticed a daeva
  1393 | D        | Noticed an unseen horror
  1393 | D        | Noticed an unseen horror
  1393 | D        | Noticed an unseen horror
  1394 | D        | Noticed an unseen horror
  1404 | D        | Killed an unseen horror
  1406 | D        | Killed an unseen horror
  1406 | D        | Reached skill level 12 in Stealth
  1466 | D        | Killed an unseen horror
  1466 | D        | Noticed an unseen horror
  1468 | D        | Killed an unseen horror
  1470 | D        | Killed an unseen horror
  1470 | D        | Reached XP level 12. HP: 74/97 MP: 23/27
  1697 | D        | Noticed a lorocyproca
  1710 | D        | HP: 2/97 [lorocyproca (17)]
  1714 | D        | Slain by a lorocyproca

Skill      XL: |  1  2  3  4  5  6  7  8  9 10 11 |
---------------+----------------------------------+-----
Fighting       | 1 3 4 5 6 7 8 9 10 | 10.9
Short Blades   | 3 4 5 6 7 8 9 11 | 11.2
Long Blades    | 1 3 4 5 6 7 8 9 10 | 10.9
Axes           | 1 3 4 5 6 7 8 9 10 | 10.9
Maces & Flails | 1 3 4 5 6 7 8 9 10 | 10.9
Polearms       | 1 3 4 5 6 7 8 9 10 | 10.9
Staves         | 1 3 4 5 6 7 8 9 10 | 10.9
Slings         | 1 3 4 5 6 7 8 9 10 | 10.9
Bows           | 1 3 4 5 6 7 8 9 10 | 10.9
Crossbows      | 1 3 4 5 6 7 8 9 10 | 10.9
Throwing       | 1 3 4 5 6 7 8 9 10 | 10.9
Armour         | 1 3 4 5 6 7 8 9 10 | 10.9
Stealth        | 6 7 8 9 10 11 12 | 12.2
Shields        | 1 3 4 5 6 7 8 9 10 | 10.9
Unarmed Combat | 1 3 4 5 6 7 8 9 10 | 10.9
Spellcasting   | 5 6 7 8 9 10 11 | 11.8
Conjurations   | 1 2 3 4 5 6 7 9 |  9.2
Charms         | 1 2 3 4 5 6 7 9 |  9.2
Summonings     | 1 2 3 4 5 6 7 9 |  9.2
Necromancy     | 1 2 3 4 5 6 7 9 |  9.2
Translocations | 1 2 3 4 5 6 7 9 |  9.2
Transmutations | 1 2 3 4 5 6 7 9 |  9.2
Fire Magic     | 1 2 3 4 5 6 7 9 |  9.2
Ice Magic      | 1 2 3 4 5 6 7 9 |  9.2
Air Magic      | 1 2 3 4 5 6 7 9 |  9.2
Earth Magic    | 1 2 3 4 5 6 7 9 |  9.2
Poison Magic   | 1 2 3 4 5 6 7 9 |  9.2
Invocations    | 2 3 4 5 6 8 9 10 11 | 11.8
Evocations     | 1 3 4 5 6 7 8 9 10 | 10.9
Dodging        | 5 6 7 8 9 10 11 | 11.7
Hexes          | 6 7 8 9 10 | 10.7

Action                   |  1- 3 |  4- 6 |  7- 9 | 10-12 || total
-------------------------+-------+-------+-------+-------++-------
Melee: Dagger            |     2 |     3 |     8 |    63 ||    76
       Flail             |       |       |       |    11 ||    11
       Bite              |       |       |       |    11 ||    11
       Long sword        |       |       |       |    37 ||    37
       Punch             |       |       |       |     3 ||     3
 Cast: Ensorcelled Hiber |       |     3 |     4 |    10 ||    17
       Confuse           |       |       |       |    12 ||    12
       Shroud of Golubri |       |       |       |     1 ||     1
Invok: Lunge             |       |       |     3 |    21 ||    24
       Whirlwind         |       |       |       |     9 ||     9
       Wall Jump         |       |       |       |     2 ||     2
  Use: Scroll            |       |       |     2 |     1 ||     3
       Potion            |       |       |       |     1 ||     1
 Stab: Sleeping          |     2 |     3 |     6 |    32 ||    43
       Confused          |       |       |       |     3 ||     3
  Eat: Chunk             |       |       |       |     2 ||     2
Armor: Robe              |       |       |     1 |    12 ||    13
Dodge: Dodged            |       |       |     4 |    54 ||    58
       Rpst.: Long sword |       |       |       |    13 ||    13
